 Dungeon Crawl Stone Soup version 0.30.0-15-g856e2d3f33 (webtiles) character file.

Game seed: 17232371648295494483

193 qw the Chopper (level 5, 0/33 HPs)
             Began as a Gargoyle Fighter on May 20, 2023.
             Slain by an orc
             ... wielding a +0 club
              (3 damage)
             ... on level 4 of the Dungeon.
             The game lasted 00:01:21 (2129 turns).

qw the Chopper (Gargoyle Fighter)                   Turns: 2129, Time: 00:01:21

Health: 0/33       AC: 12    Str: 21    XL:     5   Next: 72%
Magic:  5/5        EV: 14    Int:  9    God:
Gold:   123        SH:  4    Dex:  9    Spells: 4/4 levels left

rFire   . . .        Y - +1 broad axe (elec)
rCold   . . .        c - +0 buckler
rNeg    + . .        b - +0 scale mail
rPois   inf          g - +0 helmet
rElec   +            (no cloak)
rCorr   .            (no gloves)
SInv    .            (no boots)
Will    .....        j - amulet of the acrobat Stlth
                     a - +5 ring of evasion
HPRegen 0.25/turn    (no ring)
MPRegen 0.09/turn

%: acrobat
@: no status effects
A: sickness immunity, AC +4, negative energy resistance 1, electricity
resistance, torment resistance 1, petrification resistance
a: no special abilities


You were on level 4 of the Dungeon.
You visited 1 branch of the dungeon, and saw 4 of its levels.

You collected 123 gold pieces.


Innate Abilities, Weirdness & Mutations

You are immune to sickness and miasma.
Your stone body is resilient. (AC +4)
You are immune to poison.
You resist negative energy. (rN+)
You are resistant to electric shocks. (rElec)
You are resistant to unholy torment.
You are immune to petrification.


   Skills:
 + Level 3.7 Fighting
 - Level 5.0 Axes
 - Level 3.2 Armour
 - Level 3.2 Shields


You had 4 spell levels left.
You didn't know any spells.
Your spell library was empty.

Inventory:

Hand Weapons
 o - a +0 morningstar
 Y - a +1 broad axe of electrocution (weapon)
Missiles
 f - a boomerang (quivered)
Armour
 b - a +0 scale mail (worn)
 c - a +0 buckler (worn)
 g - a +0 helmet (worn)
Jewellery
 a - a +5 ring of evasion (left hand)
 j - an amulet of the acrobat (around neck)
Scrolls
 i - a scroll of identify
Potions
 d - a potion of might
 e - 3 potions of curing
 l - a potion of attraction

Dungeon Overview and Level Annotations

Branches:
Dungeon (4/15)
 Temple: D:4-7

Altars:


Message History

The orc barely misses you. The orc closely misses you.
The orc shouts!
You slash the ogre!
The ogre is severely wounded.
You hit the orc. The ogre hits you with a +0 giant club! The orc misses you.
You hit the ogre but do no damage.
The ogre is severely wounded.
You closely miss the orc. The orc completely misses you.
The ogre hits you with a +0 giant club!
2124 ||| READING scroll of teleportation.
As you read the scroll of teleportation, it crumbles to dust.
You feel strangely unstable. The orc closely misses you.
You hit the ogre.
The ogre is almost dead.
You slash the orc! Lightning courses through the orc!
You kill the orc!
The ogre misses you. The orc hits you with a +0 club.
You barely miss the ogre.
The ogre is almost dead.
You slash the orc!
You kill the orc!
Your surroundings suddenly seem different. 4 orcs come into view.
Found 12 gold pieces.
Found a stone staircase leading down.
The orc shouts! x3; You hear a shout!
The orc throws a boomerang.
The boomerang hits you.
An orc comes into view. It is wielding a +0 dagger.
You are too injured to fight recklessly!
An endoplasm comes into view.
The endoplasm quivers.
The orc throws a boomerang.
The boomerang hits you.
The orc throws a boomerang.
The boomerang misses you.
You are too injured to fight recklessly!
Found a club.
You closely miss the orc. You hit the orc. You block the orc's attack.
The orc misses you. The orc closely misses you.
The orc hits you with a +0 club.
You die...

#####.####
#.........
+........
....... .....#
# #....#
#+###.###....#
#....oo@.....#
#.....oo$....#
#...Jo##.>...#
#..... #.....#
..... #.....#
..... #.....#
)... #.......
.... #.......


You could see 5 orcs and an endoplasm.

Vanquished Creatures
  A hound (D:3)
  3 gnolls (D:3)
  6 adders
  2 worms
  3 dart slugs
  3 orcs
  5 bats
  7 endoplasms
  3 giant cockroaches (D:1)
  4 goblins (D:1)
  4 hobgoblins
  6 jackals (D:2)
  A quokka (D:1)
  6 ball pythons
  5 frilled lizards
  6 kobolds
  5 rats
70 creatures vanquished.

Notes
Turn   | Place    | Note
-------+----------+-------------------------------------------
     0 | D:1      | qw the Gargoyle Fighter began the quest for the Orb.
     0 | D:1      | Reached XP level 1. HP: 14/14 MP: 1/1
     0 | D:1      | 0 ||| qw: Version: 0.2-a-97-g6b18286
     0 | D:1      | 0 ||| qw: Game counter: 26
     0 | D:1      | 0 ||| qw: Always use a shield: true
     0 | D:1      | 0 ||| qw: God list: Okawaru
     0 | D:1      | 0 ||| qw: Allow faded altars: false
     0 | D:1      | 0 ||| qw: Do Orc after D:15 true
     0 | D:1      | 0 ||| qw: Do second Lair branch before Depths: true
     0 | D:1      | 0 ||| qw: Lair rune preference: random
     0 | D:1      | 0 ||| qw: Plans: Normal, Zot:1-4, God:TSO, Crypt, Tomb,
                  | Pan, Slime:5, Hells, Abyss, Win
     0 | D:1      | 0 ||| PLANNING D:1-11
    61 | D:1      | Reached skill level 2 in Axes
   130 | D:1      | Reached XP level 2. HP: 16/19 MP: 2/2
   171 | D:1      | 171 ||| DROPPING +0 club.
   254 | D:1      | Reached skill level 3 in Axes
   254 | D:1      | You fall into a shaft and drop 1 floor!
   313 | D:2      | Reached XP level 3. HP: 21/23 MP: 3/3
   320 | D:2      | HP: 2/23 [worm (7)]
   427 | D:2      | 427 ||| Stepping ~*~*~tactically~*~*~ (stealth).
   448 | D:2      | 448 ||| UPGRADING to +0 helmet.
   453 | D:2      | 453 ||| READING scroll labelled CESA LYPTEDOI.
   480 | D:2      | Reached XP level 4. HP: 28/28 MP: 4/4
   480 | D:2      | 480 ||| READING 3 scrolls labelled HETSAC JERUUPT.
   481 | D:2      | 481 ||| READING scroll labelled VIAT JIH GAO.
   482 | D:2      | 482 ||| READING scroll labelled PIF LIMASIAR.
   483 | D:2      | 483 ||| READING 2 scrolls of identify.
   483 | D:2      | 483 ||| IDENTIFYING bubbling pink potion
   634 | D:1      | 634 ||| Stepping ~*~*~tactically~*~*~ (stealth).
   693 | D:1      | Reached skill level 4 in Axes
   887 | D:1      | 887 ||| READING scroll labelled TIOLAR VIUREL.
   887 | D:1      | Identified a scroll of acquirement
   887 | D:1      | 887 ||| ACQUIRING +1 heavy broad axe
   887 | D:1      | Acquired a +1 heavy broad axe
   889 | D:1      | 889 ||| SWAPPING to +1 heavy broad axe.
   890 | D:1      | 890 ||| DROPPING +0 war axe.
   891 | D:1      | 891 ||| READING scroll labelled GERUSIGH ZYCI.
   928 | D:2      | 928 ||| Stepping ~*~*~tactically~*~*~ (stealth).
  1114 | D:2      | 1114 ||| DROPPING +0 whip.
  1277 | D:2      | 1277 ||| UPGRADING to amulet of the acrobat.
  1282 | D:2      | 1282 ||| READING scroll labelled SACYKL RATZAGH.
  1286 | D:2      | 1286 ||| READING scroll labelled LIAJITWOAMN.
  1287 | D:2      | 1287 ||| READING 3 scrolls of identify.
  1287 | D:2      | 1287 ||| IDENTIFYING bubbling emerald potion
  1288 | D:2      | 1288 ||| READING 2 scrolls of identify.
  1288 | D:2      | 1288 ||| IDENTIFYING orange potion
  1289 | D:2      | 1289 ||| DROPPING potion of magic.
  1290 | D:2      | 1290 ||| DROPPING potion of berserk rage.
  1638 | D:3      | Reached XP level 5. HP: 32/32 MP: 5/5
  1700 | D:3      | 1700 ||| Stepping ~*~*~tactically~*~*~ (stealth).
  1714 | D:3      | Reached skill level 5 in Axes
  1911 | D:3      | 1911 ||| Stepping ~*~*~tactically~*~*~ (hiding).
  2039 | D:3      | 2039 ||| UPGRADING to +5 ring of evasion.
  2040 | D:3      | 2040 ||| READING scroll labelled SEIR KOYCWIO.
  2041 | D:3      | 2041 ||| READING 3 scrolls labelled QALEAS VUPAZO.
  2042 | D:3      | 2042 ||| READING 2 scrolls of brand weapon.
  2042 | D:3      | 2042 ||| BRANDING +1 broad axe of venom.
  2043 | D:3      | 2043 ||| READING scroll of brand weapon.
  2043 | D:3      | 2043 ||| BRANDING +1 heavy broad axe.
  2044 | D:3      | 2044 ||| READING 2 scrolls labelled DUOD UVVEI.
  2045 | D:3      | 2045 ||| READING 3 scrolls of identify.
  2045 | D:3      | 2045 ||| IDENTIFYING purple potion
  2046 | D:3      | 2046 ||| READING 2 scrolls of identify.
  2046 | D:3      | 2046 ||| IDENTIFYING ruby potion
  2047 | D:3      | 2047 ||| DROPPING scroll of vulnerability.
  2048 | D:3      | 2048 ||| DROPPING potion of flight.
  2116 | D:4      | Noticed an ogre
  2120 | D:4      | 2120 ||| Stepping ~*~*~tactically~*~*~ (stealth).
  2123 | D:4      | HP: 6/33 [ogre/+0 giant club (12)]
  2124 | D:4      | 2124 ||| READING scroll of teleportation.
  2127 | D:4      | HP: 2/33 [orc/boomerang (2)]
  2129 | D:4      | Slain by an orc

Levels and vault maps discovered:
D:1:      dpeg_arrival_lava_temple_mockup, layout_basic
D:2:      layout_rooms
D:3:      layout_basic, serial_corexii_hall, corexii_hall_statues_x,
          chequers_hall_statues_y
D:4:      layout_gridville, mainiacjoe_overflow_alcove_1,
          mainiacjoe_overflow_catwalk_spiral

Skill      XL: |  1  2  3  4  5 |
---------------+----------------+-----
Axes           | 2 3 4 5 |  5.0
Fighting       | |  3.7
Armour         | |  3.2
Shields        | |  3.2

Action                     |  1- 3 |  4- 6 || total
---------------------------+-------+-------++-------
  Melee: War axe           |    90 |    31 ||   121
         Broad axe         |       |    81 ||    81
  Throw: Boomerang         |       |     3 ||     3
    Use: Scroll            |     1 |    18 ||    19
 Armour: Scale mail        |    60 |    69 ||   129
  Dodge: Dodged            |    47 |    82 ||   129
  Block: Buckler           |    17 |    18 ||    35

Table legend:
 A = Non-vault XP
 B = Vault XP
 C = Vault XP percentage of total XP
 D = Non-vault monster count
 E = Vault monster count
 F = Vault count percentage of total count
                 A         B        C        D         E       F
            +---------+---------+-------+---------+---------+-------
      Total |     276 |       0 |   0.0 |      70 |       0 |   0.0
            +---------+---------+-------+---------+---------+-------
        D:1 |      44 |       0 |   0.0 |      26 |       0 |   0.0
        D:2 |      59 |       0 |   0.0 |      19 |       0 |   0.0
        D:3 |     154 |       0 |   0.0 |      22 |       0 |   0.0
        D:4 |      19 |       0 |   0.0 |       3 |       0 |   0.0
            +---------+---------+-------+---------+---------+-------
